AoeStats
← vitor_age2

Arena

509996134Analyzed
2v2 RM · 2d ago on Sep 29, 2026· 18m 38s· 4 players
Game mode
Random Map
Map size
Medium (4 player)
Population
200
Speed
Normal
Resources
Standard
Victory
Conquest
Starting age
Dark Age
Ending age
Imperial Age
RankedLock teamsTeams togetherTeam positionsShared explorationLock speedFull tech treeHidden civsTurbo modeCheats
Victory
Defeat
🇨🇳 Cumans · China
996
+15
🇺🇸 Saxons · United States
968
+16
🇧🇷 Varangians · Brazil
982
-16
🇧🇷 Cumans · Brazil
956
-15
ScottWardo
10:46 Feudal Age
11:39 Double-Bit Axe
16:17 Castle Age
14:35 Man-at-Arms
16:17 Loom
17:01 Long Swordsman
18:40 Forging
猫咪先生
11:35 Feudal Age
12:56 Loom
13:54 Man-at-Arms
NannoD
9:17 Feudal Age
8:51 Loom
12:44 Man-at-Arms
vitor_age2
10:22 Feudal Age
15:04 Castle Age
Connection lost

Rejoining the realm…

Still unreachable

The connection could not be restored.

Session expired

The server has moved on; the page needs a fresh start.